 Dungeon Crawl Stone Soup version 0.30-a0-1066-g63dfefce0d (webtiles) character file.

Game seed: 12990979332671921355

635 BubbleThief the Insei (level 7, -2/76 HPs)
             Began as a Gnoll Wanderer on Apr 12, 2023.
             Slain by an orc warrior
             ... wielding a +0 trident
              (17 damage)
             ... on level 5 of the Dungeon.
             The game lasted 00:06:09 (3255 turns).

BubbleThief the Insei (Gnoll Wanderer)              Turns: 3255, Time: 00:06:10

Health: -2/76      AC:  3    Str:  8    XL:     7   Next: 50%
Magic:  19/19      EV: 13    Int:  8    God:
Gold:   213        SH:  6    Dex: 20    Spells: 11/11 levels left

rFire   . . .      SeeInvis .    a - +2 falchion
rCold   . . .      Faith    .    c - +0 buckler
rNeg    . . .      Spirit   .    e - +0 robe
rPois   .          Reflect  .    (no helmet)
rElec   .          Rampage  .    (no cloak)
rCorr   .                        t - +0 pair of gloves
Will    .....                    (no boots) Stlth
                                 m - amulet of regeneration
HPRegen 1.12/turn                h - ring of magical power
MPRegen 0.16/turn                (no ring)

@: berserking, very quick
A: fangs 1, strong nose, distributed training
a: no special abilities


You were on level 5 of the Dungeon.
You visited 1 branch of the dungeon, and saw 5 of its levels.

You collected 213 gold pieces.

Inventory:

Hand Weapons
 a - a +2 falchion (weapon)
Missiles
 g - 8 javelins (quivered)
Armour
 c - a +0 buckler (worn)
 e - a +0 robe (worn)
 t - a +0 pair of gloves (worn)
Jewellery
 h - a ring of magical power (left hand)
 m - an amulet of regeneration (around neck)
Scrolls
 b - 3 scrolls of silence
 f - a scroll of noise {unknown}
 j - 3 scrolls of butterflies {unknown}
 o - 4 scrolls of identify {unknown}
 q - 2 scrolls of enchant armour {unknown}
 s - a scroll of blinking {unknown}
 x - a scroll of immolation {unknown}
 y - a scroll of amnesia {unknown}
 z - a scroll of teleportation {unknown}
 B - a scroll of torment {unknown}
Potions
 d - a potion of berserk rage
 i - 2 potions of ambrosia {unknown}
 k - a potion of flight {unknown}
 l - a potion of brilliance {unknown}
 n - a potion of mutation {unknown}
 p - a potion of attraction {unknown}
 r - a potion of curing {unknown}
 u - a potion of haste {unknown}
 v - a potion of degeneration {unknown}
 w - a potion of might {unknown}
 A - a potion of invisibility {unknown}
 C - 2 potions of magic {unknown}


   Skills:
 + Level 2.6 Fighting
 + Level 2.6 Short Blades
 + Level 5.3 Long Blades
 + Level 2.6 Axes
 + Level 2.6 Maces & Flails
 + Level 2.6 Polearms
 + Level 2.6 Staves
 + Level 2.6 Ranged Weapons
 + Level 3.7 Throwing
 + Level 2.6 Armour
 + Level 2.6 Dodging
 + Level 3.6 Stealth
 + Level 7.1 Shields
 + Level 7.1 Unarmed Combat
 + Level 2.6 Spellcasting
 + Level 2.1 Conjurations
 + Level 2.1 Hexes
 + Level 2.1 Summonings
 + Level 2.1 Necromancy
 + Level 2.1 Translocations
 + Level 2.1 Transmutations
 + Level 2.1 Fire Magic
 + Level 2.1 Ice Magic
 + Level 2.1 Air Magic
 + Level 2.1 Earth Magic
 + Level 2.1 Poison Magic
 + Level 2.9 Invocations
 + Level 2.6 Evocations


You had 11 spell levels left.
You didn't know any spells.
Your spell library contained the following spells:

 Spells                   Type           Power      Damage    Failure   Level
 Ozocubu's Armour         Ice            4%         N/A       45%         3
 Metabolic Englaciation   Hex/Ice        2%         N/A       99%         5
 Simulacrum               Ice/Necr       2%         N/A       100%        6


Dungeon Overview and Level Annotations

Branches:
Dungeon (5/15)
 Temple: D:4-7

Altars:
Ashenzari

Shops:
D:3 :


Innate Abilities, Weirdness & Mutations

You have very sharp teeth.
Your uncanny sense of smell can sniff out nearby items.
Your experience applies equally to all skills.


Message History

The bullfrog hits you.
The orc warrior shoots a bolt.
You block the bolt. The bullfrog attacks as you move away!
The bullfrog hits you but does no damage.
The bullfrog hits you but does no damage.
You hit the bullfrog.
The bullfrog is moderately wounded.
The bullfrog misses you. You block the bullfrog's attack.
You hit the bullfrog but do no damage.
The bullfrog is moderately wounded.
The bullfrog barely misses you.
You slash the bullfrog!
The bullfrog is severely wounded.
The bullfrog closely misses you. You block the bullfrog's attack.
You slash the bullfrog!
You kill the bullfrog!
You hit the orc warrior but do no damage.
The orc warrior unwields a +0 arbalest.
The orc warrior wields a +0 trident.
The orc warrior hits you with a +0 trident!
You barely miss the orc warrior.
An orc comes into view. It is wielding a +0 flail.
The orc barely misses you.
The orc warrior hits you with a +0 trident!
* * * LOW HITPOINT WARNING * * *
You see here a bullfrog corpse.
Unknown command.
You closely miss the orc. The orc closely misses you.
The orc warrior hits you with a +0 trident.
* * * LOW HITPOINT WARNING * * *
Unknown command.
A red film seems to cover your vision as you go berserk!
You feel yourself moving faster!
You feel mighty! The orc closely misses you.
You block the orc warrior's attack.
You slash the orc warrior!
The orc warrior is moderately wounded.
The orc hits you with a +0 hand axe.
* * * LOW HITPOINT WARNING * * *
You slash the orc warrior!
The orc warrior is severely wounded.
The orc warrior hits you with a +0 trident!
You die...

. .........#.......#
..#####.......#.......#
..............#....)..#
...........####...#########
...........##.....####.#...
............#.............#
.........##.#..............
.........o#...............#
.........o@o...............
................##.........
...........†....##.........
.......#######.#..........#
###.... .................#
..... .............##...
.### .........#.........
.........#.........
.........#.........


You could see an orc warrior and 2 orcs.

Vanquished Creatures
  An ogre (D:4)
  A black bear (D:5)
  A bullfrog (D:5)
  A scorpion (D:5)
  A howler monkey (D:5)
  3 orc priests (D:4)
  2 iguanas
  Ijyb (D:4)
  4 gnolls (D:5)
  2 adders
  An ufetubus (D:5)
  2 dart slugs
  7 orcs (D:4)
  7 endoplasms
  4 giant cockroaches
  6 goblins
  7 hobgoblins
  4 quokkas
  3 ball pythons
  5 bats
  3 frilled lizards
  5 kobolds
  2 rats (D:2)
73 creatures vanquished.

Notes
Turn   | Place    | Note
-------+----------+-------------------------------------------
     0 | D:1      | BubbleThief the Gnoll Wanderer began the quest for the Orb.
     0 | D:1      | BubbleThief set off with the following items: a +2
                  | falchion, a scroll of silence, a +0 buckler, a potion of
                  | berserk rage, a +0 robe.
     0 | D:1      | Reached XP level 1. HP: 13/13 MP: 1/1
   349 | D:1      | Reached XP level 2. HP: 19/19 MP: 2/2
   965 | D:2      | Reached XP level 3. HP: 23/25 MP: 4/4
  1256 | D:2      | Reached skill level 1 in Invocations
  1576 | D:2      | Reached skill level 1 in Fighting
  1576 | D:2      | Reached skill level 1 in Short Blades
  1576 | D:2      | Reached skill level 1 in Axes
  1576 | D:2      | Reached skill level 1 in Maces & Flails
  1576 | D:2      | Reached skill level 1 in Polearms
  1576 | D:2      | Reached skill level 1 in Staves
  1576 | D:2      | Reached skill level 1 in Ranged Weapons
  1576 | D:2      | Reached skill level 1 in Armour
  1576 | D:2      | Reached skill level 1 in Dodging
  1576 | D:2      | Reached skill level 1 in Spellcasting
  1576 | D:2      | Reached skill level 1 in Evocations
  1732 | D:3      | Found Diufemec's Vocational Training.
  1752 | D:3      | Reached XP level 4. HP: 21/32 MP: 5/5
  1811 | D:3      | Reached skill level 1 in Conjurations
  1811 | D:3      | Reached skill level 1 in Hexes
  1811 | D:3      | Reached skill level 1 in Summonings
  1811 | D:3      | Reached skill level 1 in Necromancy
  1811 | D:3      | Reached skill level 1 in Translocations
  1811 | D:3      | Reached skill level 1 in Transmutations
  1811 | D:3      | Reached skill level 1 in Fire Magic
  1811 | D:3      | Reached skill level 1 in Ice Magic
  1811 | D:3      | Reached skill level 1 in Air Magic
  1811 | D:3      | Reached skill level 1 in Earth Magic
  1811 | D:3      | Reached skill level 1 in Poison Magic
  2192 | D:4      | Noticed an ogre
  2199 | D:4      | Killed an ogre
  2200 | D:4      | Reached XP level 5. HP: 37/37 MP: 7/7
  2314 | D:4      | Reached XP level 6. HP: 42/44 MP: 8/8
  2496 | D:4      | Found a broken altar of Ashenzari.
  2556 | D:4      | Noticed Ijyb
  2565 | D:4      | Killed Ijyb
  2566 | D:4      | Reached skill level 5 in Long Blades
  2958 | D:5      | Entered Level 5 of the Dungeon
  3113 | D:5      | Noticed a black bear
  3120 | D:5      | Killed a black bear
  3121 | D:5      | Reached XP level 7. HP: 48/50 MP: 10/10
  3182 | D:5      | Identified the +0 whip "Qausoumo" {drain, Will+}
  3255 | D:5      | Slain by an orc warrior

Illustrated notes

Levels and vault maps discovered:
D:1:      scummos_arrival_star, layout_loops_corners
D:2:      layout_basic
D:3:      layout_basic, nicolae_shop_vocational
D:4:      layout_loops_ring, mainiacjoe_overflow_tiny_flanked, st_stairs_8,
          uniq_ijyb
D:5:      layout_basic, dk_yredelemnul_ordeal, uniq_crazy_yiuf_cottage

Skill      XL: |  1  2  3  4  5  6  7 |
---------------+----------------------+-----
Invocations    | 1 2 |  2.9
Fighting       | 1 2 |  2.6
Short Blades   | 1 2 |  2.6
Axes           | 1 2 |  2.6
Maces & Flails | 1 2 |  2.6
Polearms       | 1 2 |  2.6
Staves         | 1 2 |  2.6
Ranged Weapons | 1 2 |  2.6
Armour         | 1 2 |  2.6
Dodging        | 1 2 |  2.6
Spellcasting   | 1 2 |  2.6
Evocations     | 1 2 |  2.6
Conjurations   | 1 2 |  2.1
Hexes          | 1 2 |  2.1
Summonings     | 1 2 |  2.1
Necromancy     | 1 2 |  2.1
Translocations | 1 2 |  2.1
Transmutations | 1 2 |  2.1
Fire Magic     | 1 2 |  2.1
Ice Magic      | 1 2 |  2.1
Air Magic      | 1 2 |  2.1
Earth Magic    | 1 2 |  2.1
Poison Magic   | 1 2 |  2.1
Throwing       | 3 |  3.7
Stealth        | 3 |  3.6
Long Blades    | 5 |  5.3
Shields        | 7 |  7.1
Unarmed Combat | 7 |  7.1

Action                     |  1- 3 |  4- 6 |  7- 9 || total
---------------------------+-------+-------+-------++-------
  Melee: Falchion          |    76 |    99 |    37 ||   212
         Bite              |     2 |    10 |     3 ||    15
  Throw: Javelin           |       |    10 |       ||    10
    Use: Potion            |       |       |     1 ||     1
   Stab: Sleeping          |    10 |     7 |       ||    17
         Distracted        |       |     1 |       ||     1
 Armour: Robe              |     8 |     6 |     6 ||    20
  Dodge: Dodged            |    29 |    46 |    20 ||    95
  Block: Buckler           |    25 |    22 |     8 ||    55

Table legend: (Time is in decaauts)
 A = Elapsed time spent in this place.
 B = Non-inter-level travel time spent in this place.
 C = Inter-level travel time spent in this place.
 D = Time resting spent in this place.
 E = Time spent auto-exploring this place.
 F = Levels seen in this place.
 G = Mean time per level.
                   A        B        C        D        E       F      G
               +--------+--------+--------+--------+--------+-----+--------+
         Total |   3278 |   3173 |    105 |     18 |   2532 |   5 |  655.6 |
       Dungeon |   3278 |   3173 |    105 |     18 |   2532 |   5 |  655.6 |
               +--------+--------+--------+--------+--------+-----+--------+

Top non-repeatable levels by time:
     D:2: 870 daAuts
     D:1: 847 daAuts
     D:4: 797 daAuts
     D:3: 480 daAuts
     D:5: 283 daAuts
